 Dungeon Crawl Stone Soup version 0.29.0-4-gdea44cf6ec (webtiles) character file.

Game seed: 18257178006975506437

95 qw the Ruffian (level 4, -9/35 HPs)
             Began as a Ghoul Fire Elementalist on Aug 29, 2022.
             Mangled by Edmund
             ... wielding a +2 dire flail of protection
              (11 damage)
             ... on level 4 of the Dungeon.
             The game lasted 00:02:36 (4198 turns).

qw the Ruffian (Ghoul Fire Elementalist)            Turns: 4198, Time: 00:02:36

Health: -9/35      AC:  7    Str: 13    XL:     4   Next: 65%
Magic:  5/5        EV: 10    Int: 10    God:
Gold:   429        SH:  0    Dex:  9    Spells: 5/6 levels left

rFire   . . .      SeeInvis .     - Unarmed
rCold   + . .      Faith    .   (no shield)
rNeg    + + +      Spirit   .   i - +2 ring mail {rN+}
rPois   inf        Reflect  .   (no helmet)
rElec   .          Harm     .   (no cloak)
rCorr   .          Rampage  .   (no gloves)
Will    .....                   (no boots)
Stlth   +.........              (no amulet)
HPRegen 0.00/turn               (no ring)
MPRegen 0.09/turn               (no ring)

@: about to teleport, inhibited regen
A: claws 1, cold resistance 1, negative energy resistance 3, inhibited
regeneration, torment resistance 2, devour on kill
a: no special abilities


You were on level 4 of the Dungeon.
You visited 1 branch of the dungeon, and saw 4 of its levels.

You collected 429 gold pieces.


Innate Abilities, Weirdness & Mutations

You are immune to poison.
You have sharp fingernails.
Your flesh is cold resistant. (rC+)
You are immune to negative energy. (rN+++)
You do not regenerate when monsters are visible.
You are immune to unholy pain and torment.
You thrive by killing the living.


   Skills:
 + Level 1.1 Fighting
 - Level 1.7 Dodging
 - Level 2.1 Stealth
 - Level 4.2 Unarmed Combat
 - Level 1.7 Spellcasting
 - Level 0.7 Conjurations
 - Level 2.4 Fire Magic


You had 5 spell levels left.
You knew the following spells:

 Your Spells              Type           Power      Damage    Failure   Level
a - Foxfire               Conj/Fire      16%        2x1d4     36%         1

Your spell library contained the following spells:

 Spells                   Type           Power      Damage    Failure   Level
 Scorch                   Fire           10%        2d6       36%         2
 Conjure Flame            Conj/Fire      4%         6-21      73%         3
 Inner Flame              Hex/Fire       3%         N/A       78%         3
 Flame Wave               Conj/Fire      4%         2d5       98%         4

Inventory:

Armour
 i - a +2 ring mail of positive energy (worn)
Scrolls
 b - a scroll of enchant armour {unknown}
 e - 2 scrolls of identify
Potions
 a - a potion of haste {unknown}
 d - 5 potions of curing
 j - a potion of mutation

Dungeon Overview and Level Annotations

Branches:
Dungeon (4/15)
 Temple: D:4-7

Altars:
Dithmenos

Annotations:
D:4 Edmund


Message History

Edmund hits you but does no damage. The adder barely misses you.
You barely miss Edmund.
Edmund is lightly wounded.
Edmund hits you with a +2 dire flail of protection.
The adder barely misses you.
You barely miss Edmund.
Edmund is lightly wounded.
The adder barely misses you.
Edmund zaps a wand.
You scratch Edmund but do no damage.
Edmund is lightly wounded.
The adder bites you but does no damage.
Edmund zaps a wand.
The now-empty wand crumbles to dust.
You barely miss Edmund.
Edmund is lightly wounded.
The adder bites you but does no damage.
Edmund hits you with a +2 dire flail of protection!
You scratch Edmund but do no damage.
Edmund is lightly wounded.
The adder bites you but does no damage. Edmund completely misses you.
The adder bites you.
You scratch Edmund but do no damage.
Edmund is lightly wounded.
The adder closely misses you.
Edmund hits you with a +2 dire flail of protection!
4195 ||| READING scroll of teleportation.
As you read the scroll of teleportation, it crumbles to dust.
You feel strangely unstable. The adder misses you.
Edmund hits you with a +2 dire flail of protection.
You scratch Edmund.
Edmund is lightly wounded.
The adder bites you but does no damage. Edmund hits you but does no damage.
You scratch Edmund but do no damage.
Edmund is lightly wounded.
The adder barely misses you.
You scratch Edmund but do no damage.
Edmund is lightly wounded.
The adder closely misses you.
Edmund hits you with a +2 dire flail of protection!
You die...

#.#.# ## #.#.# .# #.#.#
#### ####.# #...# .....
....########.### .!.#
#......^.....# ..#
#...#######..#
##.#.#S##...(..<.....#
.......@...########..###
##.#.#@##...............
..# #.###....[...### #.#
#.# #.#####.## #. #.#
#.# #.# . #.# #.# #.# .
#.# #.# #.# #. #.. ...
..# .. ... ##


You could see Edmund and an adder.

Vanquished Creatures
  An iguana (D:4)
  2 adders
  2 dart slugs (D:1)
  An orc (D:3)
  5 ball pythons
  3 endoplasms
  2 giant cockroaches (D:1)
  4 goblins
  3 hobgoblins
  3 quokkas
  4 bats
  A frilled lizard (D:1)
  5 kobolds
  9 rats
45 creatures vanquished.

Notes
Turn   | Place    | Note
-------+----------+-------------------------------------------
     0 | D:1      | qw the Ghoul Fire Elementalist began the quest for the Orb.
     0 | D:1      | Reached XP level 1. HP: 14/14 MP: 2/2
     0 | D:1      | 0 ||| qw: Version: 0.1-a-90-g952f4b7
     0 | D:1      | 0 ||| qw: Game counter: 4088
     0 | D:1      | 0 ||| qw: Always use a shield: true
     0 | D:1      | 0 ||| qw: God list: Okawaru
     0 | D:1      | 0 ||| qw: Allow faded altars: false
     0 | D:1      | 0 ||| qw: Do Orc after D:15 true
     0 | D:1      | 0 ||| qw: Do second Lair branch before Depths: true
     0 | D:1      | 0 ||| qw: Lair rune preference: random
     0 | D:1      | 0 ||| qw: Plans: Normal
     0 | D:1      | 0 ||| PLANNING D:1-11
   402 | D:1      | Reached skill level 1 in Unarmed Combat
   488 | D:1      | 488 ||| Stepping ~*~*~tactically~*~*~ (stealth).
   490 | D:1      | 490 ||| Stepping ~*~*~tactically~*~*~ (stealth).
   492 | D:1      | 492 ||| Stepping ~*~*~tactically~*~*~ (stealth).
   498 | D:1      | 498 ||| Stepping ~*~*~tactically~*~*~ (stealth).
   499 | D:1      | 499 ||| Stepping ~*~*~tactically~*~*~ (stealth).
   502 | D:1      | 502 ||| Stepping ~*~*~tactically~*~*~ (stealth).
   512 | D:1      | Reached XP level 2. HP: 22/22 MP: 3/3
   539 | D:1      | Reached skill level 1 in Fighting
   730 | D:1      | 730 ||| Stepping ~*~*~tactically~*~*~ (outnumbered).
   912 | D:1      | 912 ||| Stepping ~*~*~tactically~*~*~ (hiding).
  1023 | D:1      | 1023 ||| Stepping ~*~*~tactically~*~*~ (hiding).
  1125 | D:1      | 1125 ||| Stepping ~*~*~tactically~*~*~ (hiding).
  1227 | D:1      | 1227 ||| Stepping ~*~*~tactically~*~*~ (hiding).
  1329 | D:1      | 1329 ||| Stepping ~*~*~tactically~*~*~ (hiding).
  1503 | D:1      | Reached skill level 2 in Unarmed Combat
  1736 | D:1      | 1736 ||| Stepping ~*~*~tactically~*~*~ (stealth).
  1738 | D:1      | 1738 ||| Stepping ~*~*~tactically~*~*~ (stealth).
  1946 | D:1      | Reached XP level 3. HP: 28/28 MP: 4/4
  2005 | D:1      | 2005 ||| UPGRADING to +2 ring mail of positive energy.
  2015 | D:1      | 2015 ||| DROPPING +0 robe.
  2016 | D:1      | 2016 ||| READING 3 scrolls labelled NEPEWUR WUWO.
  2017 | D:1      | 2017 ||| READING scroll labelled JEUXEI ORANIABRIMI.
  2022 | D:1      | 2022 ||| READING scroll labelled BUDID ETHRERI.
  2023 | D:1      | 2023 ||| READING scroll labelled WUIBRAFAOZ.
  2024 | D:1      | 2024 ||| READING 2 scrolls of identify.
  2024 | D:1      | 2024 ||| IDENTIFYING fizzy coppery potion
  2025 | D:1      | 2025 ||| DROPPING potion of magic.
  2026 | D:1      | 2026 ||| DROPPING potion of degeneration.
  2330 | D:2      | 2330 ||| Stepping ~*~*~tactically~*~*~ (stealth).
  2332 | D:2      | 2332 ||| Stepping ~*~*~tactically~*~*~ (stealth).
  2737 | D:2      | 2737 ||| READING scroll labelled HOPLOJOTES.
  2738 | D:2      | 2738 ||| DRINKING 3 orange potions.
  2739 | D:2      | 2739 ||| DRINKING 2 viscous golden potions.
  2740 | D:2      | 2740 ||| DRINKING 2 murky dark potions.
  2741 | D:2      | 2741 ||| READING 3 scrolls of identify.
  2741 | D:2      | 2741 ||| IDENTIFYING fuming pink potion
  2742 | D:2      | 2742 ||| READING 2 scrolls of identify.
  2742 | D:2      | 2742 ||| IDENTIFYING glowing brown potion
  2743 | D:2      | 2743 ||| DROPPING potion of attraction.
  2744 | D:2      | 2744 ||| DROPPING potion of berserk rage.
  2917 | D:3      | Reached skill level 3 in Unarmed Combat
  3551 | D:3      | 3551 ||| READING scroll labelled JEIROGEARY.
  3598 | D:4      | 3598 ||| Stepping ~*~*~tactically~*~*~ (outnumbered).
  3599 | D:4      | 3599 ||| Stepping ~*~*~tactically~*~*~ (outnumbered).
  3602 | D:4      | Reached XP level 4. HP: 35/35 MP: 5/5
  3659 | D:4      | HP: 2/35 [iguana (9)]
  3660 | D:4      | 3660 ||| READING 3 scrolls of teleportation.
  3661 | D:4      | 3661 ||| DRINKING potion of heal wounds.
  3700 | D:4      | 3700 ||| FLEEEEING.
  3701 | D:4      | 3701 ||| FLEEEEING.
  3702 | D:4      | 3702 ||| FLEEEEING.
  3703 | D:4      | 3703 ||| FLEEEEING.
  3704 | D:4      | 3704 ||| FLEEEEING.
  3705 | D:4      | 3705 ||| FLEEEEING.
  3706 | D:4      | 3706 ||| FLEEEEING.
  3707 | D:4      | 3707 ||| FLEEEEING.
  3708 | D:4      | 3708 ||| FLEEEEING.
  3709 | D:4      | 3709 ||| STAIRDANCE
  3881 | D:3      | 3881 ||| READING scroll labelled TOATUW ASESI.
  3882 | D:3      | 3882 ||| READING scroll labelled AJYLEU TYAJUPP.
  3882 | D:3      | Identified a scroll of acquirement
  3882 | D:3      | 3882 ||| ACQUIRING 309 gold pieces
  3882 | D:3      | Acquired 309 gold pieces
  3895 | D:4      | HP: 6/35 [iguana (6)]
  3896 | D:4      | 3896 ||| READING 2 scrolls of teleportation.
  3899 | D:4      | Reached skill level 4 in Unarmed Combat
  3899 | D:4      | 3899 ||| STAIRDANCE
  3899 | D:4      | Found a shadowy altar of Dithmenos.
  4181 | D:4      | Noticed Edmund
  4194 | D:4      | HP: 3/35 [Edmund/+2 dire flail of protection (9)]
  4195 | D:4      | 4195 ||| READING scroll of teleportation.
  4198 | D:4      | Mangled by Edmund

Levels and vault maps discovered:
D:1:      minmay_arrival_hallway, layout_basic, nicolae_eternal_life,
          minmay_misc_feat_secret_circle
D:2:      layout_loops_ring, grunt_decor_mini_mirrors
D:3:      layout_basic
D:4:      layout_loops_ring, lemuel_tele_altar, uniq_ijyb, uniq_edmund

Skill      XL: |  1  2  3  4 |
---------------+-------------+-----
Unarmed Combat | 1 2 3 4 |  4.2
Fighting       | 1 |  1.1
Dodging        | |  1.7
Stealth        | |  2.1
Spellcasting   | |  1.7
Conjurations   | |  0.7
Fire Magic     | |  2.4

Action                   |  1- 3 |  4- 6 || total
-------------------------+-------+-------++-------
Melee: Unarmed           |   141 |    51 ||   192
       Punch             |       |     1 ||     1
  Use: Scroll            |     9 |     5 ||    14
       Potion            |     3 |     1 ||     4
Armor: Robe              |    14 |       ||    14
       Ring mail         |    27 |    19 ||    46
Dodge: Dodged            |    78 |    24 ||   102

Table legend:
 A = Non-vault XP
 B = Vault XP
 C = Vault XP percentage of total XP
 D = Non-vault monster count
 E = Vault monster count
 F = Vault count percentage of total count
                 A         B        C        D         E       F
            +---------+---------+-------+---------+---------+-------
      Total |     136 |       0 |   0.0 |      45 |       0 |   0.0
            +---------+---------+-------+---------+---------+-------
        D:1 |      35 |       0 |   0.0 |      20 |       0 |   0.0
        D:2 |      18 |       0 |   0.0 |      12 |       0 |   0.0
        D:3 |      23 |       0 |   0.0 |       7 |       0 |   0.0
        D:4 |      60 |       0 |   0.0 |       6 |       0 |   0.0
            +---------+---------+-------+---------+---------+-------
